 Dungeon Crawl Stone Soup version 0.23.2-40-g277498a001 (webtiles) character file.

Game seed: 2169206833005571549

63611 Curus the Cruncher (level 14, -7/123 HPs)
             Began as a Demonspawn Gladiator on Oct 18, 2019.
             Was the Champion of Okawaru.
             Mangled by a soul eater (19 damage)
             ... summoned by an orc sorcerer
             ... led by an orc warlord
             ... while paralysed by an orc sorcerer
             ... on level 2 of the Orcish Mines.
             The game lasted 01:28:32 (15380 turns).

Curus the Cruncher (Demonspawn Gladiator)          Turns: 15380, Time: 01:28:34

Health: -7/123     AC: -4    Str: 18    XL:     14   Next: 68%
Magic:  0/29       EV:  2    Int: 10    God:    Okawaru [******]
Gold:   1583       SH:  0    Dex: 19    Spells: 13/13 levels left

rFire    . . .     SeeInvis +   K - +6 lajatang (protect)
rCold    . . .     Gourm    .   (shield currently unavailable)
rNeg     . . .     Faith    .   l - +1 leather armour of the Red Skies {rPois SInv}
rPois    +         Spirit   +   j - +2 helmet
rElec    .         Reflect  .   B - scarf {repulsion}
rCorr    .         Harm     .   E - +2 pair of gloves {Str+3}
MR       ++...     Rnd*Rage +   (no boots)
Stlth    +.........             g - amulet of regeneration
HPRegen  0.70/turn              k - ring of magical power
MPRegen  0.42/turn              z - +4 ring of evasion

@: paralysed, corroded, berserk cooldown, slowed, studying Fire Magic, heavily
drained, repel missiles
A: talons 2, rugged brown scales 2, berserk 1, magic resistance 1, powered by
death 1, magic shield, magic regeneration
a: Heroism, Finesse, Renounce Religion


You were on level 2 of the Orcish Mines.
You worshipped Okawaru.
Okawaru was exalted by your worship.
You were hungry.

You visited 4 branches of the dungeon, and saw 19 of its levels.
You also visited: Ice Cave.

You collected 2005 gold pieces.
You spent 422 gold pieces at shops.

Inventory:

Hand Weapons
 a - a +4 quarterstaff
 v - a +2 quarterstaff of protection
 H - the +1 executioner's axe "Koakh" {chop, rPois rF+ Str+4 Dex+3}
   (Okawaru gifted it to you on level 6 of the Lair of Beasts)

   It inflicts extra damage upon your enemies.
   It affects your strength (+4).
   It affects your dexterity (+3).
   It protects you from fire.
   It protects you from poison.
 K - a +6 lajatang of protection (weapon)
 P - a +1 quarterstaff of crushing
Missiles
 d - 3 throwing nets (quivered)
Armour
 b - a +0 leather armour
 c - a +0 helmet
 i - the +2 cloak of Vaiduaca {+Blink +Inv Dex-5}
   (Okawaru gifted it to you on level 1 of the Lair of Beasts)

   It affects your dexterity (-5).
   It lets you turn invisible.
   It lets you blink.
 j - a +2 helmet (worn)
 l - the +1 leather armour of the Red Skies (worn) {rPois SInv}
   (You bought it in a shop on level 6 of the Dungeon)

   It protects you from poison.
   It lets you see invisible.
 B - a scarf of repulsion (worn)
 C - a +0 cloak
 E - a +2 pair of gloves of strength (worn)
 J - a cursed +0 leather armour
Jewellery
 g - an amulet of regeneration (around neck)
 k - a ring of magical power (left hand)
 u - an uncursed ring of see invisible
 x - a -3 ring of strength
 z - a +4 ring of evasion (right hand)
 F - a cursed amulet of inaccuracy
 R - an uncursed ring of poison resistance
Wands
 p - a wand of random effects (6)
 r - a wand of flame (18)
 s - a wand of iceblast (6)
 y - a wand of disintegration (14)
Scrolls
 e - 11 scrolls of identify
 h - 6 scrolls of teleportation
 n - 2 scrolls of fog
 q - 2 scrolls of remove curse
 t - 6 scrolls of amnesia
 A - a scroll of blinking
 L - a scroll of summoning
 N - 3 scrolls of enchant armour
 O - 4 scrolls of enchant weapon
 S - a scroll of magic mapping
Potions
 m - 5 potions of curing
 o - 2 potions of cancellation
 w - a potion of agility
 D - 3 potions of flight
 G - a potion of ambrosia
 I - 2 potions of heal wounds
 M - 3 potions of might
Books
 Q - a manual of Fire Magic
Comestibles
 f - 12 rations


   Skills:
 - Level 13.4(11.7) Fighting
 - Level 14.0(12.3) Staves
 - Level 1.7(0.5) Throwing
 - Level 12.5(10.9) Dodging
 - Level 7.6(6.1) Invocations
 + Level 8.0(6.5) Evocations


You had 13 spell levels left.
You didn't know any spells.
Your spell library contained the following spells:

 Spells                   Type           Power        Failure   Level  Hunger
 Apportation              Tloc           #.....       41%         1    ##.....
 Infusion                 Chrm           #...         41%         1    ##.....
 Magic Dart               Conj           #...         41%         1    ##.....
 Sandblast                Erth           #.....       41%         1    ##.....
 Shock                    Conj/Air       #...         41%         1    ##.....
 Summon Butterflies       Summ           #.......     41%         1    ##.....
 Summon Small Mammal      Summ           #...         41%         1    ##.....
 Blink                    Tloc           N/A          56%         2    ###....
 Call Imp                 Summ           #.......     56%         2    ###....
 Passwall                 Tmut/Erth      #.......     56%         2    ###....
 Searing Ray              Conj           #.....       56%         2    ###....
 Shroud of Golubria       Chrm/Tloc      #.........   56%         2    ###....
 Slow                     Hex            #.......     56%         2    ###....
 Song of Slaying          Chrm           #.......     56%         2    ###....
 Swiftness                Chrm/Air       #.......     56%         2    ###....
 Call Canine Familiar     Summ           #.......     80%         3    ####...
 Conjure Flame            Conj/Fire      #.......     80%         3    ####...
 Dazzling Spray           Conj/Hex       #.....       80%         3    ####...
 Gell's Gravitas          Tloc           #.........   80%         3    ####...
 Lesser Beckoning         Tloc           #.........   80%         3    ####...
 Mephitic Cloud           Conj/Pois/Air  #.......     80%         3    ####...
 Portal Projectile        Hex/Tloc       #.....       80%         3    ####...
 Regeneration             Chrm/Necr      #.........   80%         3    ####...
 Spectral Weapon          Hex/Chrm       #.......     80%         3    ####...
 Static Discharge         Conj/Air       #.......     80%         3    ####...
 Summon Guardian Golem    Hex/Summ       #.......     80%         3    ####...
 Tukima's Dance           Hex            #.......     80%         3    ####...
 Airstrike                Air            #.........   99%         4    #####..
 Force Lance              Conj/Tloc      #.......     99%         4    #####..
 Fulminant Prism          Conj/Hex       #.........   99%         4    #####..
 Iskenderun's Mystic Bla  Conj           #.......     99%         4    #####..
 Summon Ice Beast         Ice/Summ       #.......     99%         4    #####..
 Summon Lightning Spire   Summ/Air       #.......     99%         4    #####..
 Alistair's Intoxication  Tmut/Pois      #.......     100%        5    ######.
 Borgnjor's Vile Clutch   Necr/Erth      #.........   100%        5    ######.
 Lightning Bolt           Conj/Air       #.........   100%        5    ######.
 Dispersal                Tloc           #.........   100%        6    #######
 Invisibility             Hex            #.......     100%        6    #######
 Controlled Blink         Tloc           N/A          100%        8    #######
 Disjunction              Tloc           #.........   100%        8    #######


Dungeon Overview and Level Annotations

Branches:
Dungeon (10/15)            Temple (1/1) D:6            Lair (6/6) D:8
  Swamp (0/4) Lair:4       Spider (0/4) Lair:2        Slime (0/5) Lair:6
    Orc (2/2) D:10            Elf (0/3) Orc:2

Altars:
Cheibriados
Fedhas
Makhleb
Nemelex Xobeh
Okawaru
Qazlal
Sif Muna
Vehumet
Xom
Yredelemnul
Zin
Beogh
Jiyva

Shops:
D:6 [   D:8 *


Innate Abilities, Weirdness & Mutations

You have razor-sharp toenails.
You are mostly covered in rugged brown scales. (AC +2, +5% HP)
You regenerate a little health from kills.
When hurt, damage is shared between your health and your magic reserves.
You regenerate magic rapidly.
You tend to lose your temper in combat.
You are resistant to hostile enchantments. (MR+)


Message History

The rust devil corrodes you!
The orc sorcerer casts a spell.
The soul eater hits you!
You feel drained. The rust devil hits you! The rust devil corrodes you!
The orc warlord hits you with a +1 broad axe!
The ogre hits you with a cursed -2 giant spiked club!!
The orc sorcerer casts a spell at you. The bolt of negative energy hits you!!
You feel drained.
The bolt of negative energy hits the soul eater.
The soul eater completely resists.
The soul eater hits you!
* * * LOW HITPOINT WARNING * * *
You feel drained.
* * * LOW HITPOINT WARNING * * *
The rust devil hits you!
* * * LOW HITPOINT WARNING * * *
The rust devil corrodes you!
The orc warlord hits you with a +1 broad axe!
* * * LOW HITPOINT WARNING * * *
The soul eater hits you!!
You die...

......)((............
.......(..............
.####≈≈≈≈.....#.......
###≈≈≈≈....))#...#... #
##≈≈≈≈................ #
#≈≈≈..........#....... #
#≈≈..........##o......
###...##..##).##4o......
................@o3....#
...............3.O......
.....#....#.............
....#....##.............
#....#.......#.#.##..##.
###......##.#.........#
.##...#.#####....#. ...#
.###.#### ##.####....#
..##.# ##


You could see an orc warlord, a soul eater, a rust devil, a sixfirhy, an orc
sorcerer, an ogre and an orc.

Vanquished Creatures
  Kirke (Lair:4)
  2 dire elephants (Lair:6)
  Snorg (Lair:5)
  9 hydras
  Erolcha (Orc:1)
  2 catoblepae
  3 two-headed ogres
  8 death yaks
  The ghost of kakkapete22 the Chiller, a novice OpIE of Okawaru (D:9)
  3 orc knights (Orc:2)
  A necromancer (IceCv)
  A lindwurm (Lair:6)
  A deep elf mage (D:9)
  An orb spider (Lair:2)
  2 orc sorcerers
  2 manticores (Lair:6)
  6 elephants (Lair:6)
  11 black mambas
  3 ice statues (IceCv)
  3 torpor snails
  12 spiny frogs
  2 rime drakes (Lair:6)
  4 ice devils (IceCv)
  9 komodo dragons
  2 polar bears
  Grinder (D:5)
  3 trolls
  10 blink frogs
  8 hippogriffs
  12 dream sheep
  25 yaks
  A wyvern (Lair:1)
  8 basilisks
  5 hogs
  A hungry ghost (D:8)
  12 water moccasins
  8 porcupines
  Duvessa (D:7)
  30 orc warriors
  A hornet zombie (D:8)
  A phantom (D:4)
  A sky beast (D:7)
  3 ice beasts
  15 wolves
  11 ogres
  7 centaurs
  15 crocodiles
  13 bullfrogs
  Dowan (D:7)
  3 scorpions
  5 killer bees (D:7)
  3 wights (D:10)
  3 electric eels (Lair:3)
  2 howler monkeys
  A bullfrog zombie (D:5)
  3 jellies
  4 crimson imps
  A draconian simulacrum (IceCv)
  13 orc priests
  5 bullfrog skeletons
  A hound (D:5)
  2 iguanas
  15 orc wizards
  A hell rat (Lair:6)
  4 worker ants
  A killer bee zombie (D:8)
  3 troll simulacra (IceCv)
  2 centaur simulacra (IceCv)
  A hound zombie (D:5)
  A hound skeleton (D:5)
  Robin (D:2)
  2 worker ant zombies (D:5)
  9 adders
  4 naga simulacra (IceCv)
  4 shadow imps
  An adder skeleton (D:4)
  2 worms (D:2)
  3 dart slugs
  3 leopard geckos
  77 orcs
  7 giant cockroaches
  13 goblins
  14 hobgoblins
  18 jackals
  3 quokkas
  A ball python (D:2)
  7 bats
  3 frilled lizards
  5 kobolds
  A leopard gecko skeleton (D:7)
  A leopard gecko zombie (D:7)
  6 rats
  A spectral orc (D:9)
544 creatures vanquished.

Vanquished Creatures (collateral kills)
  An orc wizard (Orc:2)
  2 orcs (Orc:2)
3 creatures vanquished.

Vanquished Creatures (others)
  A spiny frog (Lair:6)
  2 bushes
  10 fungi
  4 plants
17 creatures vanquished.

Grand Total: 564 creatures vanquished

Notes
Turn   | Place    | Note
-------+----------+-------------------------------------------
     0 | D:1      | Curus the Demonspawn Gladiator began the quest for the Orb.
     0 | D:1      | Reached XP level 1. HP: 16/16 MP: 1/1
    40 | D:1      | Reached skill level 3 in Staves
   187 | D:1      | Gained mutation: You have sharp toenails. [demonic
                  | ancestry]
   187 | D:1      | Reached XP level 2. HP: 19/22 MP: 2/2
   732 | D:2      | Gained mutation: When hurt, damage is shared between your
                  | health and your magic reserves. [demonic ancestry]
   732 | D:2      | Reached XP level 3. HP: 24/27 MP: 3/3
   861 | D:2      | Reached skill level 4 in Staves
   865 | D:2      | Noticed Robin
   908 | D:2      | Killed Robin
   908 | D:2      | Reached XP level 4. HP: 9/33 MP: 0/4
  1146 | D:2      | Found a snail-covered altar of Cheibriados.
  1738 | D:3      | Reached skill level 5 in Staves
  2073 | D:3      | Reached XP level 5. HP: 38/38 MP: 5/5
  2412 | D:4      | Reached skill level 6 in Staves
  2438 | D:4      | Reached XP level 6. HP: 44/44 MP: 6/6
  2866 | D:4      | Reached skill level 7 in Staves
  2931 | D:5      | Entered Level 5 of the Dungeon
  3048 | D:5      | Gained mutation: You are partially covered in rugged brown
                  | scales. (AC +1, +3% HP) [demonic ancestry]
  3048 | D:5      | Reached XP level 7. HP: 41/51 MP: 7/7
  3169 | D:5      | Reached skill level 8 in Staves
  3183 | D:5      | Noticed Grinder
  3210 | D:5      | Killed Grinder
  3679 | D:6      | Reached skill level 9 in Staves
  3679 | D:6      | Reached XP level 8. HP: 57/57 MP: 8/8
  3701 | D:6      | Found a staircase to the Ecumenical Temple.
  3712 | Temple   | Entered the Ecumenical Temple
  3718 | Temple   | Became a worshipper of Warmaster Okawaru
  3847 | D:6      | Found Kemiad's Antique Armour Shop.
  3850 | D:6      | Bought a dazzling leather armour for 147 gold pieces
  3860 | D:6      | Identified the cursed +1 leather armour of the Red Skies
                  | {rPois SInv} (You bought it in a shop on level 6 of the
                  | Dungeon)
  4064 | D:6      | Reached skill level 10 in Staves
  4074 | D:6      | Found a deep blue altar of Sif Muna.
  4212 | D:6      | Found a blossoming altar of Fedhas.
  4342 | D:7      | Found a radiant altar of Vehumet.
  4474 | D:7      | Reached * piety under Okawaru
  4509 | D:7      | Reached skill level 11 in Staves
  4513 | D:7      | Gained mutation: You regenerate magic rapidly. [demonic
                  | ancestry]
  4513 | D:7      | Reached XP level 9. HP: 62/62 MP: 9/9
  4566 | D:7      | Noticed Duvessa
  4567 | D:7      | Noticed Dowan
  4575 | D:7      | Killed Duvessa
  4590 | D:7      | Killed Dowan
  4819 | D:7      | Noticed a two-headed ogre
  4829 | D:7      | Killed a two-headed ogre
  4829 | D:7      | Reached ** piety under Okawaru
  4829 | D:7      | Reached skill level 12 in Staves
  5156 | D:8      | Found Puehad's General Store.
  5167 | D:8      | Bought a +0 quarterstaff of protection for 68 gold pieces
  5167 | D:8      | Bought a potion of berserk rage for 50 gold pieces
  5227 | D:8      | Reached skill level 13 in Staves
  5231 | D:8      | Reached XP level 10. HP: 24/69 MP: 8/10
  5249 | D:8      | Reached *** piety under Okawaru
  5553 | D:8      | Found a staircase to the Lair.
  5664 | Lair:1   | Entered Level 1 of the Lair of Beasts
  5710 | Lair:1   | Noticed a black mamba
  5724 | Lair:1   | Killed a black mamba
  5724 | Lair:1   | Reached **** piety under Okawaru
  5772 | Lair:1   | Noticed a seven-headed hydra
  5807 | Lair:1   | Killed a seven-headed hydra
  5807 | Lair:1   | Reached skill level 5 in Fighting
  5807 | Lair:1   | Reached skill level 5 in Dodging
  5827 | Lair:1   | Reached ***** piety under Okawaru
  5869 | Lair:1   | Noticed a spiny frog
  5872 | Lair:1   | Noticed a five-headed hydra
  5884 | Lair:1   | Killed a spiny frog
  5884 | Lair:1   | Received a gift from Okawaru
  5888 | Lair:1   | Killed a five-headed hydra
  5888 | Lair:1   | Gained mutation: You have razor-sharp toenails. [demonic
                  | ancestry]
  5888 | Lair:1   | Reached XP level 11. HP: 78/83 MP: 11/11
  5892 | Lair:1   | Got a bloodstained cloak {god gift}
  5905 | Lair:1   | Identified the +2 cloak of Vaiduaca {+Blink +Inv Dex-5}
                  | (Okawaru gifted it to you on level 1 of the Lair of Beasts)
  6095 | Lair:1   | Noticed a six-headed hydra
  6120 | Lair:1   | Killed a six-headed hydra
  7434 | Lair:2   | Noticed a death yak
  7449 | Lair:2   | Killed a death yak
  7646 | Lair:2   | Gained mutation: You tend to lose your temper in combat.
                  | [potion of mutation]
  7646 | Lair:2   | Gained mutation: You are resistant to hostile enchantments.
                  | (MR+) [potion of mutation]
  7689 | Lair:2   | Found a hole to the Spider Nest.
  7689 | Lair:2   | Noticed an orb spider
  7704 | Lair:2   | Killed an orb spider
  7894 | Lair:2   | Received a gift from Okawaru
  7894 | Lair:2   | Gained mutation: You are mostly covered in rugged brown
                  | scales. (AC +2, +5% HP) [demonic ancestry]
  7894 | Lair:2   | Reached XP level 12. HP: 60/99 MP: 12/12
  7920 | Lair:2   | Noticed a six-headed hydra
  8059 | Lair:2   | Killed a six-headed hydra
  8588 | D:6      | Bought a pair of embroidered gloves for 157 gold pieces
  9061 | Lair:3   | Reached skill level 1 in Invocations
  9285 | Lair:3   | Noticed a six-headed hydra
  9296 | Lair:3   | Killed a six-headed hydra
  9296 | Lair:3   | Received a gift from Okawaru
  9393 | Lair:3   | Reached skill level 14 in Staves
  9576 | Lair:3   | Reached skill level 5 in Invocations
  9576 | Lair:3   | Reached skill level 1 in Evocations
  9994 | Lair:4   | Found a staircase to the Swamp.
 10016 | Lair:4   | Reached ****** piety under Okawaru
 10031 | Lair:4   | Noticed a death yak
 10031 | Lair:4   | Noticed a death yak
 10032 | Lair:4   | Noticed a death yak
 10034 | Lair:4   | Noticed a death yak
 10065 | Lair:3   | Killed a death yak
 10068 | Lair:3   | Killed a death yak
 10182 | Lair:4   | Noticed Kirke
 10326 | Lair:4   | Killed a death yak
 10326 | Lair:4   | Reached skill level 10 in Fighting
 10340 | Lair:4   | Killed a death yak
 10349 | Lair:4   | Received a gift from Okawaru
 10533 | Lair:4   | Killed Kirke
 10533 | Lair:4   | Gained mutation: You regenerate a little health from kills.
                  | [demonic ancestry]
 10533 | Lair:4   | Reached XP level 13. HP: 109/109 MP: 18/18
 10903 | Lair:5   | Reached skill level 10 in Dodging
 11034 | Lair:5   | Found a runed translucent door.
 11178 | Lair:5   | Received a gift from Okawaru
 11303 | Lair:5   | Noticed Snorg
 11322 | Lair:5   | Killed Snorg
 11842 | Lair:6   | Entered Level 6 of the Lair of Beasts
 11878 | Lair:6   | Received a gift from Okawaru
 11890 | Lair:6   | Got a crystal executioner's axe {god gift}
 12108 | Lair:6   | Received a gift from Okawaru
 12465 | Lair:6   | Noticed a dire elephant
 12485 | Lair:6   | Killed a dire elephant
 12485 | Lair:6   | Reached XP level 14. HP: 52/121 MP: 11/19
 12607 | Lair:6   | Received a gift from Okawaru
 12825 | Lair:6   | Found a viscous altar of Jiyva.
 12826 | Lair:6   | Found a staircase to the Slime Pits.
 13077 | D:8      | Identified the +1 executioner's axe "Koakh" {chop, rPois
                  | rF+ Str+4 Dex+3} (Okawaru gifted it to you on level 6 of
                  | the Lair of Beasts)
 13473 | D:9      | Found a large runed translucent door.
 13473 | D:9      | Found a large runed translucent door.
 13474 | D:9      | Noticed kakkapete22's ghost (novice OpIE)
 13532 | D:9      | Found a glowing silver altar of Zin.
 13533 | D:9      | Noticed an angel
 13687 | D:9      | Found a basalt altar of Yredelemnul.
 13737 | D:9      | Killed kakkapete22's ghost
 13743 | D:9      | Identified Imehezet's Reference Book on Assistive Stones
 13759 | D:10     | Entered Level 10 of the Dungeon
 14121 | D:10     | Found a staircase to the Orcish Mines.
 14137 | Orc:1    | Entered Level 1 of the Orcish Mines
 14274 | Orc:2    | Entered Level 2 of the Orcish Mines
 14275 | Orc:2    | Found a staircase to the Elven Halls.
 14295 | Orc:1    | Noticed Erolcha
 14299 | Orc:1    | Killed Erolcha
 14300 | Orc:1    | Reached skill level 5 in Evocations
 14374 | Orc:1    | Found a frozen archway.
 14421 | IceCv    | Entered an ice cave
 14595 | IceCv    | Received a gift from Okawaru
 15268 | Orc:2    | Paralysed by an orc sorcerer for 6 turns
 15269 | Orc:2    | Noticed an orc warlord
 15313 | Orc:2    | Found a roughly hewn altar of Beogh.
 15375 | Orc:2    | Paralysed by an orc sorcerer for 6 turns
 15380 | Orc:2    | Mangled by a soul eater

Skill      XL: |  1  2  3  4  5  6  7  8  9 10 11 12 13 14 |
---------------+-------------------------------------------+-----
Staves         | 3 4 5 6 7 9 11 13 14 | 14.0
Dodging        | 5 8 9 11 12 | 12.5
Fighting       | 6 9 10 12 13 | 13.4
Invocations    | 7 |  7.6
Evocations     | 4 8 |  8.0
Throwing       | |  1.7

Action                   |  1- 3 |  4- 6 |  7- 9 | 10-12 | 13-15 || total
-------------------------+-------+-------+-------+-------+-------++-------
Melee: Quarterstaff      |   120 |   160 |   296 |   839 |   326 ||  1741
       Kick              |    27 |    42 |    97 |   299 |   365 ||   830
       Lajatang          |       |       |       |       |   493 ||   493
Invok: Heroism           |       |       |     2 |     5 |     5 ||    12
Evoke: Wand              |       |       |     1 |     4 |     8 ||    13
  Use: Scroll            |     4 |     5 |     5 |    11 |     5 ||    30
       Potion            |     1 |     7 |     2 |     9 |       ||    19
 Stab: Sleeping          |       |     1 |       |     3 |     2 ||     6
       Distracted        |       |       |     1 |       |     1 ||     2
       Petrified         |       |       |       |       |     7 ||     7
  Eat: Chunk             |       |     5 |     6 |    12 |     9 ||    32
       Ration            |       |     1 |       |     2 |     2 ||     5
Armor: Leather armour    |    40 |    37 |    65 |   173 |   202 ||   517
Dodge: Dodged            |    87 |    93 |   138 |   496 |   922 ||  1736
       Deflected         |       |       |       |     3 |    17 ||    20
